 Dungeon Crawl Stone Soup version 0.29-a0-791-ga0f254aafb (webtiles) character file.

Game seed: 7436234565941288707

188882 Malachi the Peltast (level 18, -3/143 HPs)
             Began as a Gnoll Wanderer on July 3, 2022.
             Was a Priest of Yredelemnul.
             Succumbed to a nagaraja's bolt of poison
             ... on level 4 of the Snake Pit.
             The game lasted 01:40:58 (35909 turns).

Malachi the Peltast (Gnoll Wanderer)               Turns: 35909, Time: 01:40:58

Health: -3/143     AC: 31    Str: 12    XL:     18   Next: 56%
Magic:  11/45      EV: 22    Int: 15    God:    Yredelemnul [***...]
Gold:   291        SH: 11    Dex: 28    Spells: 38/43 levels left

rFire   + . .      SeeInvis .   u - +8 demon blade "Leech" {vamp, Harm Drain rN+}
rCold   + + .      Faith    .   d - +1 buckler {AC+3}
rNeg    + . .      Spirit   +   P - quicksilver dragon scales
rPois   .          Reflect  .   n - +3 hat of Pondering {ponderous, Will+ MP+10 Int+5}
rElec   .          Harm     +   t - scarf {rC+ rF+}
rCorr   .          Rampage  .   q - +1 pair of gloves
Will    +++..                   i - +0 pair of boots
Stlth   +++++.....              y - amulet of guardian spirit
HPRegen 0.33/turn               e - ring of the Echidna {AC+4 Dex+7}
MPRegen 0.29/turn               G - +4 ring of slaying

@: lethally poisoned (-3 -> -31), slow
A: fangs 1, strong nose, distributed training, cold resistance 1, shaggy fur 2
a: Renounce Religion, Recall Undead Harvest, Dark Bargain


You were on level 4 of the Snake Pit.
You worshipped Yredelemnul.
Yredelemnul was pleased with you.
You visited 4 branches of the dungeon, and saw 27 of its levels.
You also visited: Sewer, Bailey, Gauntlet and Volcano.

You collected 3386 gold pieces.
You spent 3095 gold pieces at shops.

Inventory:

Hand Weapons
 f - a +9 vorpal hand crossbow
 k - the +4 war axe of Tomorrow {spect, rN+ Will+}
   (You found it in a Gauntlet)

   When its wielder attacks, the weapon's spirit leaps out and strikes again.
   The spirit shares a part of any damage it takes with its wielder.
   rN:        It protects you from negative energy.
   Will:      It increases your willpower.
 u - the +8 demon blade "Leech" (weapon) {vamp, Harm Drain rN+}
   (You found it in a Gauntlet)

   It heals its wielder for a portion of the damage dealt every time it strikes
   a living foe.
   rN:        It protects you from negative energy.
   Drain:     It drains your maximum health when unequipped.
   Harm:      It increases damage dealt and taken.
 X - the +4 trident "Wuowkeu" {pain, MP+9}
   (You found it on level 5 of the Dungeon)

   In the hands of one skilled in necromantic magic, it inflicts extra damage on
   living creatures.
   MP:        It affects your magic capacity (+9).
Missiles
 L - 2 throwing nets
Armour
 d - a +1 buckler of protection (worn)
 i - a +0 pair of boots (worn)
 n - the +3 hat of Pondering (worn) {ponderous, Will+ MP+10 Int+5}
   (You took it off Gastronok on level 12 of the Dungeon)

   Int:       It affects your intelligence (+5).
   MP:        It affects your magic capacity (+10).
   Will:      It increases your willpower.
 o - +0 fire dragon scales
 q - a +1 pair of gloves (worn)
 t - a scarf of resistance (worn)
 P - quicksilver dragon scales (worn)
Jewellery
 a - the ring of Ojyerr {Ice rElec Slay+3}
   (You bought it in a shop on level 1 of the Dungeon)

   [ring of ice]

   It enhances your ice magic.
   Slay:      It affects your accuracy & damage with ranged weapons and melee
   (+3).
   rF:        It makes you vulnerable to fire.
   rC:        It protects you from cold.
   rElec:     It insulates you from electricity.
 e - the ring of the Echidna (left hand) {AC+4 Dex+7}
   (You bought it in a shop on level 12 of the Dungeon)

   [ring of protection]

   AC:        It affects your AC (+4).
   Dex:       It affects your dexterity (+7).
 y - an amulet of guardian spirit (around neck)
 G - a +4 ring of slaying (right hand)
 H - a ring of see invisible
 Z - the ring "Caitoery" {rPois rC+ rN++}
   (You found it on level 1 of the Lair of Beasts)

   [ring of poison resistance]

   rC:        It protects you from cold.
   rPois:     It protects you from poison.
   rN:        It greatly protects you from negative energy.
Wands
 w - a wand of polymorph (12)
 x - a wand of iceblast (10)
 A - a wand of flame (9)
 F - a wand of mindburst (4)
 Q - a wand of light (5)
 T - a wand of digging (4)
Scrolls
 j - a scroll of enchant weapon
 r - 17 scrolls of identify
 v - 6 scrolls of fog
 D - 7 scrolls of summoning
 I - 3 scrolls of magic mapping
 J - a scroll of fear
 K - a scroll of brand weapon
 R - 2 scrolls of silence
 S - 16 scrolls of teleportation
 U - 5 scrolls of blinking
 V - 2 scrolls of amnesia
 Y - 4 scrolls of enchant armour
Potions
 b - a potion of ambrosia
 c - 3 potions of attraction
 g - 4 potions of cancellation
 h - 8 potions of brilliance
 l - 7 potions of invisibility
 m - 6 potions of heal wounds
 p - 2 potions of resistance
 z - a potion of berserk rage
 B - 5 potions of curing
 C - a potion of might
 N - 4 potions of mutation
 O - 6 potions of haste
Miscellaneous
 s - a condenser vane (inert)
 E - a phial of floods
 W - a phantom mirror


   Skills:
 + Level 13.1 Fighting
 + Level 12.8 Short Blades
 + Level 12.8 Long Blades
 + Level 12.8 Axes
 + Level 12.8 Maces & Flails
 + Level 12.8 Polearms
 + Level 12.8 Staves
 + Level 12.8 Ranged Weapons
 + Level 12.8 Throwing
 + Level 14.3 Armour
 + Level 12.8 Dodging
 + Level 12.8 Stealth
 + Level 15.2 Shields
 + Level 12.8 Unarmed Combat
 + Level 13.1 Spellcasting
 + Level 10.9 Conjurations
 + Level 10.9 Hexes
 + Level 10.9 Summonings
 + Level 10.9 Necromancy
 + Level 10.9 Translocations
 + Level 10.9 Transmutations
 + Level 10.9 Fire Magic
 + Level 10.9 Ice Magic
 + Level 10.9 Air Magic
 + Level 11.1 Earth Magic
 + Level 10.9 Poison Magic
 + Level 13.9 Invocations
 + Level 12.8 Evocations


You had 38 spell levels left.
You knew the following spells:

 Your Spells              Type           Power      Damage    Failure   Level
a - Silence               Hex/Air        21%        N/A       4%          5

Your spell library contained the following spells:

 Spells                   Type           Power      Damage    Failure   Level
 Beastly Appendage        Tmut           84%        N/A       1%          1
 Foxfire                  Conj/Fire      100%       2x1d9     1%          1
 Sandblast                Erth           86%        2d18      1%          1
 Ensorcelled Hibernation  Hex/Ice        84%        N/A       1%          2
 Static Discharge         Conj/Air       42%        3-9/arc   1%          2
 Wereblood                Tmut           42%        N/A       1%          2
 Confusing Touch          Hex            42%        N/A       1%          3
 Conjure Flame            Conj/Fire      42%        6-21      1%          3
 Dazzling Flash           Conj/Hex       84%        N/A       1%          3
 Inner Flame              Hex/Fire       42%        N/A       1%          3
 Spider Form              Tmut/Pois      42%        N/A       1%          3
 Stone Arrow              Conj/Erth      86%        3d12      1%          3
 Anguish                  Hex/Necr       21%        N/A       1%          4
 Flame Wave               Conj/Fire      42%        2d9       1%          4
 Petrify                  Tmut/Erth      43%        N/A       1%          4
 Agony                    Necr           42%        N/A       4%          5
 Lightning Bolt           Conj/Air       21%        1d36      4%          5
 Metabolic Englaciation   Hex/Ice        21%        N/A       4%          5
 Yara's Violent Unravell  Hex/Tmut       21%        3d10      4%          5
 Statue Form              Tmut/Erth      28%        N/A       22%         6
 Enfeeble                 Hex            21%        N/A       80%         7
 Maxwell's Capacitive Co  Air            21%        ∞         100%        8


Dungeon Overview and Level Annotations

Branches:
Dungeon (15/15)            Temple (0/1) D:5            Lair (6/6) D:11
  Swamp (0/4) Lair:3        Snake (4/4) Lair:2        Slime (0/5) Lair:6
    Orc (2/2) D:10            Elf (0/3) Orc:2        Vaults (0/5) D:13
 Depths (0/4) D:15          Sewer (visited)          Bailey (visited)
Volcano (visited)         Gauntlet (visited)

Altars:
Ashenzari
Cheibriados
Fedhas
Gozag
Hepliaklqana
Makhleb
Nemelex Xobeh
Qazlal
Ru
Trog
Uskayaw
Yredelemnul
Zin
Jiyva
Lugonu

Shops:
D:1 =   D:3 =   D:6 :[=   D:7 **   D:12 (!*!   D:15 :   Orc:1 :   Orc:2 =(*[**
Snake:1 [!   Snake:2 =

Portals:
Abyss: Lair:6

Annotations:
D:9 1 runed translucent door


Innate Abilities, Weirdness & Mutations

You have very sharp teeth.
Your uncanny sense of smell can sniff out nearby items.
Your experience applies equally to all skills.
Your flesh is cold resistant. (rC+)
You are covered in thick fur. (AC +2)


Message History

Things that are here:
a +0 short sword; a +0 robe The naga warrior is engulfed in blazing flames.
You kill the naga warrior!
Your salamander tyrant zombie hits the nagaraja.
The nagaraja is engulfed in blazing flames.
The nagaraja gestures at you while chanting.
The bolt of poison hits your salamander tyrant zombie.
Your salamander tyrant zombie completely resists.
The bolt of poison hits you!
You are poisoned.
* * * LOW HITPOINT WARNING * * *
Your eidolon gestures.
Your eidolon radiates an aura of fear!
The nagaraja easily resists.
Things that are here:
a +0 halberd; a +0 robe; 2 stones You feel very sick.
The nagaraja is engulfed in blazing flames.
The nagaraja gestures wildly while chanting.
The nagaraja seems to speed up.
You feel very sick.
The nagaraja no longer looks unusually strong.
The nagaraja is engulfed in blazing flames.
The nagaraja points at you and mumbles some strange words.
The bolt of poison misses your eidolon. The bolt of poison hits you!
You are lethally poisoned!
* * * LOW HITPOINT WARNING * * *
The nagaraja barely misses your eidolon.
* * * LOW HITPOINT WARNING * * *
You feel extremely sick.
The nagaraja is engulfed in blazing flames.
The nagaraja completely misses your eidolon.
Your eidolon hits the nagaraja!
The nagaraja dies!
The dead are walking!
Your salamander tyrant zombie is engulfed in blazing flames.
You can now trade souls for undead servants.
You die...
Your body rises from the dead as a mindless zombie.

#...## .....# ...#.# N.......
#.#### #......# Z## #).....# ##
#)...N.# # #......# ########
#))....#
########.....@######ZZ....####
##................))W§§.))))...
###.........).........)...))))...
Z......Z..../)....).).......)..).
#.#..#####...).......))...)))....
###..# ###......#####......####
##.# ######## #....))# ###
#.....)# #^..).)#


You could see a friendly eidolon (summoned).

Vanquished Creatures
  An acid blob (Lair:5)
  A fire giant (D:12)
  4 nagarajas
  An orc warlord (Orc:2)
  A juggernaut skeleton (D:15)
  A minotaur (Gauntlet)
  A red draconian (Volcano)
  7 hydras
  A catoblepas (D:15)
  A salamander tyrant (Snake:4)
  Erolcha (D:13)
  2 boulder beetles
  Erica (D:11)
  3 centaur warriors
  12 naga warriors
  9 two-headed ogres
  4 orc high priests (Orc:2)
  9 anacondas
  A vampire mage (D:15)
  5 naga sharpshooters
  3 thrashing horrors (Lair:6)
  7 shock serpents
  4 death yaks (Lair:6)
  Nergalle (Lair:3)
  2 fire crabs (shapeshifter)
  2 salamander mystics
  4 sea snakes
  2 skeletal warriors (D:15)
  3 sixfirhies (Gauntlet)
  3 naga ritualists
  2 wizards
  8 orc knights
  A necromancer (D:15)
  2 deep elf pyromancers
  7 mana vipers
  9 ugly things
  An oklob plant (Lair:6)
  6 salamanders
  A frost giant zombie (D:15)
  19 elephants
  4 cyclopes
  A tengu skeleton (D:15)
  3 orc sorcerers (Orc:2)
  2 manticores
  2 guardian serpents
  20 black mambas
  15 naga magi
  2 molten gargoyles (Volcano)
  12 cane toads
  An eye of devastation (Gauntlet)
  Maggie (D:6)
  A torpor snail (Lair:6)
  2 gargoyles (D:11)
  2 efreet
  3 rime drakes
  9 komodo dragons
  Psyche (D:8)
  A yaktaur (Volcano)
  2 polar bears
  2 ancient zymes (Lair:6)
  9 trolls
  Prince Ribbit (D:6)
  Grinder (D:6)
  16 blink frogs
  6 slime creatures
  3 dream sheep
  2 centaur simulacra (Gauntlet)
  A spriggan (Lair:6)
  2 wraiths
  4 ynoxinuls (Lair:6)
  5 wyverns
  2 fire bats (Volcano)
  A golden eye (Gauntlet)
  44 yaks
  4 basilisks
  3 humans (D:6)
  A steam dragon (D:7)
  3 vampire mosquitoes
  2 wargs (Orc:1)
  Edmund (D:4)
  29 nagas
  3 acid dragons
  4 swamp worms (Lair:5)
  Duvessa (D:4)
  5 small abominations (Lair:6)
  13 water moccasins
  39 orc warriors
  A meliai simulacrum (Gauntlet)
  A sky beast (D:6)
  2 ice beasts (D:7)
  10 ogres
  3 black bears
  10 centaurs
  18 wolves
  A phantom (D:5)
  2 kobold brigands
  Blork the orc (D:4)
  2 necrophages
  3 gnoll sergeants
  17 bullfrogs
  7 wights
  A hornet simulacrum (Gauntlet)
  Dowan (D:4)
  20 killer bees
  3 electric eels
  3 howler monkeys (D:10)
  7 lava snakes (Volcano)
  A jelly (D:7)
  Crazy Yiuf (D:4)
  3 hounds
  19 orc priests
  Natasha (twice) (D:4)
  27 orc wizards
  An iguana (D:4)
  6 hell rats (Lair:4)
  2 human simulacra (D:13)
  A boggart simulacrum (Gauntlet)
  Robin (D:3)
  2 orc zombies
  19 gnolls
  9 adders
  A white imp (D:7)
  2 ufetubi (D:5)
  2 worms
  4 dart slugs
  84 orcs
  3 ball pythons
  6 endoplasms
  9 giant cockroaches
  18 goblins
  12 hobgoblins
  13 jackals
  8 kobolds
  4 quokkas (Sewer)
  5 bats
  4 frilled lizards
  A rat (D:2)
827 creatures vanquished.

Vanquished Creatures (collateral kills)
  2 acid blobs (Lair:5)
  Gastronok (D:12)
  3 azure jellies (Lair:5)
  3 nagarajas (Snake:4)
  A rockslime (Lair:5)
  The ghost of Wiypapt the Thaumaturge, a journeyman DjCj of Makhleb (Lair:5)
  A salamander tyrant (Snake:4)
  3 boulder beetles
  3 hydras
  3 naga warriors
  A two-headed ogre (D:11)
  4 naga sharpshooters
  A salamander mystic (Snake:3)
  A sixfirhy (Gauntlet)
  A golden dragon zombie (D:15)
  2 naga ritualists
  An orc knight (Orc:2)
  Pikel (D:6)
  3 ugly things (D:14)
  2 mana vipers
  2 oklob plants (Lair:6)
  2 salamanders
  2 manticores
  A guardian serpent (Snake:4)
  7 black mambas
  9 naga magi
  2 elephants (Lair:4)
  An eye of devastation (Lair:5)
  An unseen horror (D:11)
  A yaktaur (Volcano)
  A rime drake (Lair:5)
  6 cane toads
  2 komodo dragons
  An ancient zyme (Lair:6)
  A troll (D:14)
  3 slime creatures (D:12)
  11 blink frogs
  A polar bear (Lair:5)
  2 dream sheep
  A culicivora (Bailey)
  A vampire (D:11)
  A shadow (D:10)
  A slime creature zombie (D:12)
  A ynoxinul (Lair:6)
  2 humans (D:6)
  Grum (D:11)
  2 basilisks
  17 yaks
  3 vampire mosquitoes
  26 nagas
  A water moccasin (Lair:5)
  4 orc warriors
  10 wolves
  2 ogres
  A centaur (D:8)
  A lemure (D:6)
  2 kobold brigands (D:14)
  3 bullfrogs
  4 small abominations (Lair:6)
  3 killer bees
  2 electric eels (Snake:2)
  A lava snake (Volcano)
  2 orc priests
  6 orc wizards
  A hell rat (Lair:4)
  An orc zombie (D:15)
  2 gnolls (D:7)
  A dart slug (D:4)
  20 orcs
  An endoplasm (D:4)
  2 giant cockroaches
  2 goblins
  2 hobgoblins
  A jackal (D:1)
  A quokka (D:5)
  2 frilled lizards (Sewer)
  2 bushes (D:11)
  A plant (D:11)
231 creatures vanquished.

Vanquished Creatures (others)
  An acid blob zombie (Lair:5)
  2 spectral sixfirhies (Gauntlet)
  4 anaconda zombies
  A fire giant zombie (D:12)
  5 ugly thing zombies
  2 shock serpent zombies
  3 death yak zombies (Lair:6)
  A sea snake zombie (Snake:2)
  2 mana viper zombies
  A hydra zombie (Lair:5)
  A guardian serpent zombie (Snake:4)
  10 black mamba zombies
  A slime creature zombie (D:15)
  A salamander zombie (Snake:4)
  2 two-headed ogre zombies (D:10)
  2 fire bat zombies (Volcano)
  4 cane toad zombies
  2 dream sheep zombies
  2 elephant zombies (Lair:5)
  5 blink frog zombies (Lair:6)
  A torpor snail zombie (Lair:6)
  3 vampire mosquito zombies
  4 spectral ynoxinuls (Lair:6)
  2 komodo dragon zombies (Lair:5)
  A spectral shadow imp (D:6)
  3 water moccasin zombies
  2 wyvern zombies
  A cyclops zombie (D:12)
  A troll zombie (D:9)
  A spriggan zombie (Lair:6)
  11 yak zombies
  7 wolf zombies
  3 centaur zombies
  3 bullfrog zombies
  A basilisk zombie (Lair:5)
  2 orc wizards (Orc:2)
  An acid dragon zombie (D:12)
  5 killer bee zombies
  3 ogre zombies (Orc:2)
  A kobold zombie (D:14)
  17 naga zombies
  A hell rat zombie (Lair:4)
  A spectral electric eel (Snake:2)
  An elf zombie (D:4)
  An adder zombie (D:5)
  A felid zombie (D:4)
  2 lava snake zombies (Volcano)
  2 orcs (Orc:2)
  A ball python zombie (Sewer)
  3 giant cockroach zombies
  5 gnoll zombies
  3 goblin zombies
  3 hobgoblin zombies
  4 jackal zombies
  A kobold (D:8)
  81 orc zombies
  A spectral ufetubus (D:5)
  52 fungi
  108 plants
  A withered plant (D:15)
397 creatures vanquished.

Grand Total: 1455 creatures vanquished

Notes
Turn   | Place    | Note
-------+----------+-------------------------------------------
     0 | D:1      | Malachi the Gnoll Wanderer began the quest for the Orb.
     0 | D:1      | Malachi set off with the following items: a +0 dagger, a +0
                  | ring mail, a potion of attraction, a +0 buckler of
                  | protection; and the following spell memorised: Sandblast;
                  | and the following spells available to memorise: Stone
                  | Arrow.
     0 | D:1      | Reached XP level 1. HP: 17/17 MP: 4/4
   317 | D:1      | Reached XP level 2. HP: 16/23 MP: 5/5
   455 | D:1      | Found a faded altar of an unknown god.
   462 | D:1      | Prayed at the altar of an unknown god.
   462 | D:1      | Became a worshipper of Yredelemnul the Dark
   462 | D:1      | Reached * piety under Yredelemnul
   769 | D:1      | Reached ** piety under Yredelemnul
   831 | D:1      | Reached XP level 3. HP: 28/28 MP: 7/7
  1005 | D:1      | Reached skill level 1 in Invocations
  1092 | D:1      | Found Quti's Jewellery Shoppe.
  1196 | D:2      | Reached skill level 1 in Short Blades
  1196 | D:2      | Reached skill level 1 in Long Blades
  1196 | D:2      | Reached skill level 1 in Axes
  1196 | D:2      | Reached skill level 1 in Maces & Flails
  1196 | D:2      | Reached skill level 1 in Polearms
  1196 | D:2      | Reached skill level 1 in Staves
  1196 | D:2      | Reached skill level 1 in Ranged Weapons
  1196 | D:2      | Reached skill level 1 in Throwing
  1196 | D:2      | Reached skill level 1 in Dodging
  1196 | D:2      | Reached skill level 1 in Stealth
  1196 | D:2      | Reached skill level 1 in Unarmed Combat
  1196 | D:2      | Reached skill level 1 in Evocations
  1201 | D:2      | Reached XP level 4. HP: 24/34 MP: 8/8
  1243 | D:2      | Reached skill level 1 in Conjurations
  1243 | D:2      | Reached skill level 1 in Hexes
  1243 | D:2      | Reached skill level 1 in Summonings
  1243 | D:2      | Reached skill level 1 in Necromancy
  1243 | D:2      | Reached skill level 1 in Translocations
  1243 | D:2      | Reached skill level 1 in Transmutations
  1243 | D:2      | Reached skill level 1 in Fire Magic
  1243 | D:2      | Reached skill level 1 in Ice Magic
  1243 | D:2      | Reached skill level 1 in Air Magic
  1243 | D:2      | Reached skill level 1 in Poison Magic
  1672 | D:2      | Reached XP level 5. HP: 36/40 MP: 9/9
  2397 | D:3      | Found a glowing drain.
  2429 | Sewer    | Entered a sewer
  2445 | Sewer    | Reached XP level 6. HP: 47/47 MP: 11/11
  2843 | D:3      | Found Yfig's Jewellery Boutique.
  3343 | D:3      | Noticed Robin
  3370 | D:3      | Killed Robin
  3631 | D:4      | Noticed Natasha
  3639 | D:4      | Killed Natasha
  3640 | D:4      | Reached XP level 7. HP: 26/52 MP: 12/12
  3998 | D:4      | Found a hazy altar of Hepliaklqana.
  4066 | D:4      | Found a runed translucent door.
  4067 | D:4      | Noticed Crazy Yiuf
  4125 | D:4      | Noticed Natasha
  4129 | D:4      | Killed Natasha
  4177 | D:4      | Noticed Duvessa
  4178 | D:4      | Noticed Dowan
  4191 | D:4      | Your ally Natasha died
  4313 | D:4      | Killed Duvessa
  4321 | D:4      | Killed Dowan
  4322 | D:4      | Reached skill level 9 in Shields
  4374 | D:4      | Found an opulent altar of Gozag.
  4530 | D:4      | Noticed Edmund
  4543 | D:4      | Killed Edmund
  4565 | D:4      | Noticed Blork the orc
  4574 | D:4      | Your ally Duvessa died
  4596 | D:4      | Killed Blork the orc
  4597 | D:4      | Reached XP level 8. HP: 11/60 MP: 14/14
  4941 | D:4      | Killed Crazy Yiuf
  5047 | D:5      | Entered Level 5 of the Dungeon
  5181 | D:6      | Found Bakloqy's Book Emporium.
  5662 | D:5      | Found a staircase to the Ecumenical Temple.
  5934 | D:5      | Identified the +4 trident "Wuowkeu" {pain, MP+9}
  6408 | D:6      | Noticed Grinder
  6425 | D:6      | Killed Grinder
  6542 | D:6      | Noticed Maggie
  6554 | D:6      | Your ally Grinder died
  6566 | D:6      | Killed Maggie
  6567 | D:6      | Reached skill level 5 in Spellcasting
  6567 | D:6      | Reached XP level 9. HP: 38/67 MP: 16/16
  6577 | D:6      | Reached skill level 5 in Fighting
  6578 | D:6      | Noticed Prince Ribbit
  6583 | D:6      | Noticed Pikel
  6584 | D:6      | Killed Prince Ribbit
  6591 | D:6      | Killed Pikel
  6592 | D:6      | Reached skill level 5 in Invocations
  6740 | D:6      | Reached *** piety under Yredelemnul
  6938 | D:6      | Found a stormy altar of Qazlal.
  6954 | D:6      | Reached **** piety under Yredelemnul
  6991 | D:6      | Reached skill level 5 in Short Blades
  6991 | D:6      | Reached skill level 5 in Long Blades
  6991 | D:6      | Reached skill level 5 in Axes
  6991 | D:6      | Reached skill level 5 in Maces & Flails
  6991 | D:6      | Reached skill level 5 in Polearms
  6991 | D:6      | Reached skill level 5 in Staves
  6991 | D:6      | Reached skill level 5 in Ranged Weapons
  6991 | D:6      | Reached skill level 5 in Throwing
  6991 | D:6      | Reached skill level 5 in Dodging
  6991 | D:6      | Reached skill level 5 in Stealth
  6991 | D:6      | Reached skill level 5 in Unarmed Combat
  6991 | D:6      | Reached skill level 5 in Evocations
  6991 | D:6      | Reached XP level 10. HP: 76/76 MP: 18/18
  7048 | D:6      | Found Gefynn's Jewellery Shoppe.
  7064 | D:6      | Reached skill level 10 in Shields
  7066 | D:6      | Reached ***** piety under Yredelemnul
  7246 | D:6      | Found Oleguod's Antique Armour Emporium.
  7275 | D:7      | Gained mutation: You are covered in fur. (AC +1) [potion of
                  | mutation]
  7275 | D:7      | Gained mutation: You are covered in thick fur. (AC +2)
                  | [potion of mutation]
  7275 | D:7      | Gained mutation: Your flesh is cold resistant. (rC+)
                  | [potion of mutation]
  7454 | D:7      | Found Beroas's Neck Hole.
  7546 | D:7      | Found Odwiar's General Store.
  7662 | D:7      | Reached skill level 5 in Earth Magic
  8625 | D:8      | Found a flagged portal.
  8638 | Bailey   | Entered a bailey
  8906 | Bailey   | Noticed an orc knight
  8916 | Bailey   | an orc knight changed into a culicivora
  9305 | D:8      | You fall into a shaft and drop 1 floor!
  9371 | D:9      | Reached skill level 5 in Conjurations
  9371 | D:9      | Reached skill level 5 in Hexes
  9371 | D:9      | Reached skill level 5 in Summonings
  9371 | D:9      | Reached skill level 5 in Necromancy
  9371 | D:9      | Reached skill level 5 in Translocations
  9371 | D:9      | Reached skill level 5 in Transmutations
  9371 | D:9      | Reached skill level 5 in Fire Magic
  9371 | D:9      | Reached skill level 5 in Ice Magic
  9371 | D:9      | Reached skill level 5 in Air Magic
  9371 | D:9      | Reached skill level 5 in Poison Magic
  9378 | D:9      | Reached XP level 11. HP: 72/83 MP: 21/21
  9491 | D:9      | Found a glowing silver altar of Zin.
  9559 | D:9      | Found a sacrificial altar of Ru.
  9741 | D:9      | Found a runed translucent door.
  9742 | D:9      | Found a burning altar of Makhleb.
  9742 | D:9      | Noticed a sixfirhy
  9912 | D:9      | Found a bloodstained altar of Trog.
  9917 | D:9      | Found a snail-covered altar of Cheibriados.
  9917 | D:9      | Found a sparkling altar of Nemelex Xobeh.
  9917 | D:9      | Found a blossoming altar of Fedhas.
  9920 | D:9      | Found a basalt altar of Yredelemnul.
  9921 | D:9      | Found a broken altar of Ashenzari.
 10276 | D:9      | Noticed a boulder beetle
 10965 | D:8      | Noticed Psyche
 10982 | D:8      | Killed Psyche
 11007 | D:8      | Noticed a purple ugly thing
 11019 | D:8      | Killed a purple ugly thing
 11174 | D:8      | Found a hide-covered altar of Uskayaw.
 11647 | D:1      | Bought the ring of Ojyerr {Ice rElec Slay+3} for 516 gold
                  | pieces
 11714 | D:3      | Reached skill level 10 in Armour
 11714 | D:3      | Reached skill level 11 in Shields
 11714 | D:3      | Reached XP level 12. HP: 92/92 MP: 21/24
 11825 | D:10     | Entered Level 10 of the Dungeon
 11950 | D:10     | Noticed a two-headed ogre
 11960 | D:10     | Killed a two-headed ogre
 11966 | D:10     | Noticed a two-headed ogre
 12319 | D:11     | Identified the +4 ring mail "Gegiuruy" {Will+ Str+4}
 12506 | D:11     | Noticed a two-headed ogre
 13030 | D:11     | Killed a two-headed ogre
 13032 | D:11     | Found a staircase to the Lair.
 13372 | D:11     | Noticed a six-headed hydra
 13376 | D:11     | Killed a seven-headed hydra
 13582 | D:11     | Reached XP level 13. HP: 99/99 MP: 25/25
 13688 | D:11     | Noticed Grum
 13705 | D:11     | Killed Grum
 13941 | D:11     | Noticed Erica
 13952 | D:11     | Killed Erica
 15401 | D:10     | Identified the +0 robe of Eqiadoff {*Corrode rN++}
 16042 | D:10     | Found a staircase to the Orcish Mines.
 16302 | Lair:1   | Entered Level 1 of the Lair of Beasts
 16539 | Lair:1   | Reached skill level 12 in Shields
 16697 | Lair:1   | Found a bloodstained altar of Trog.
 16844 | Lair:1   | Identified the ring "Caitoery" {rPois rC+ rN++}
 16853 | Lair:1   | Reached ****** piety under Yredelemnul
 17366 | Lair:2   | Found a staircase to the Snake Pit.
 18308 | Lair:3   | Noticed Nergalle
 18328 | Lair:3   | Killed Nergalle
 18347 | Lair:3   | Your ally Nergalle died
 18725 | Lair:3   | Found a staircase to the Swamp.
 18838 | Lair:3   | Reached XP level 14. HP: 106/108 MP: 27/27
 19356 | D:1      | Bought an amulet of guardian spirit for 300 gold pieces
 19783 | Lair:4   | Found a gate leading to a gauntlet.
 19792 | Gauntlet | Entered a Gauntlet
 19792 | Gauntlet | Found a transporter.
 19792 | Gauntlet | Found a transporter.
 19792 | Gauntlet | Found a transporter.
 19820 | Gauntlet | Found a transporter.
 19840 | Gauntlet | Found a transporter.
 19841 | Gauntlet | Found a transporter.
 19853 | Gauntlet | Found a transporter.
 19874 | Gauntlet | Found a transporter.
 19891 | Gauntlet | Found a transporter.
 19895 | Gauntlet | Found a transporter.
 19907 | Gauntlet | Found a transporter.
 19911 | Gauntlet | Found a transporter.
 20108 | Gauntlet | Identified the +1 helmet of Levity {Fly Will- Dex+9}
 20140 | Gauntlet | Reached skill level 10 in Invocations
 20206 | Gauntlet | Identified the +0 cloak "Pynaweiz" {Str+7 Dex-2}
 20282 | Gauntlet | Found the +8 demon blade "Leech" {vamp, Harm Drain rN+}
 20545 | Gauntlet | Identified the +4 war axe of Tomorrow {spect, rN+ Will+}
 21177 | Lair:4   | Reached skill level 10 in Spellcasting
 21610 | Lair:5   | Reached skill level 10 in Fighting
 21908 | Lair:5   | Found a runed translucent gate.
 21908 | Lair:5   | Found a runed translucent gate.
 21908 | Lair:5   | Found a runed translucent gate.
 21909 | Lair:5   | Noticed an azure jelly
 21912 | Lair:5   | Noticed Wiypapt's ghost (journeyman DjCj)
 21912 | Lair:5   | Noticed a rockslime
 22226 | Lair:5   | Noticed an azure jelly
 22568 | Lair:5   | Reached skill level 10 in Short Blades
 22568 | Lair:5   | Reached skill level 10 in Long Blades
 22568 | Lair:5   | Reached skill level 10 in Axes
 22568 | Lair:5   | Reached skill level 10 in Maces & Flails
 22568 | Lair:5   | Reached skill level 10 in Polearms
 22568 | Lair:5   | Reached skill level 10 in Staves
 22568 | Lair:5   | Reached skill level 10 in Ranged Weapons
 22568 | Lair:5   | Reached skill level 10 in Throwing
 22568 | Lair:5   | Reached skill level 10 in Dodging
 22568 | Lair:5   | Reached skill level 10 in Stealth
 22568 | Lair:5   | Reached skill level 10 in Unarmed Combat
 22568 | Lair:5   | Reached skill level 10 in Evocations
 22568 | Lair:5   | Reached XP level 15. HP: 116/116 MP: 29/29
 22577 | Lair:5   | Reached skill level 13 in Shields
 22849 | Lair:5   | Noticed an acid blob
 22849 | Lair:5   | Noticed an acid blob
 22850 | Lair:5   | Noticed an azure jelly
 22996 | Lair:5   | Noticed an acid blob
 23001 | Lair:5   | Found a viscous altar of Jiyva.
 23009 | Lair:5   | Killed an acid blob
 23010 | Lair:5   | Killed a rockslime
 23015 | Lair:5   | Killed an acid blob
 23018 | Lair:5   | Killed an acid blob
 23020 | Lair:5   | Killed an azure jelly
 23022 | Lair:5   | Killed Wiypapt's ghost
 23023 | Lair:5   | Killed an azure jelly
 23024 | Lair:5   | Killed an azure jelly
 23157 | Lair:6   | Entered Level 6 of the Lair of Beasts
 23190 | Lair:6   | Found a viscous altar of Jiyva.
 23191 | Lair:6   | Found a staircase to the Slime Pits.
 23950 | Lair:6   | Found a corrupted altar of Lugonu.
 23950 | Lair:6   | Found a one-way gate to the infinite horrors of the Abyss.
 24361 | Lair:6   | Reached XP level 16. HP: 120/125 MP: 29/31
 24860 | Orc:1    | Entered Level 1 of the Orcish Mines
 24954 | Orc:1    | Found Pydipt's Vocational Training.
 25146 | Orc:2    | Entered Level 2 of the Orcish Mines
 25222 | Orc:2    | Found a dark tunnel.
 25228 | Volcano  | Entered a volcano
 25688 | Volcano  | Found a burning altar of Makhleb.
 26131 | Orc:2    | Paralysed by an orc sorcerer for 4 turns
 26516 | Orc:2    | Found a staircase to the Elven Halls.
 26654 | Orc:2    | Found Modiymn's General Store.
 26660 | Orc:2    | Found Hioh's Specific Store.
 26786 | Orc:2    | Found Haosieh's General Store.
 26787 | Orc:2    | Found Vaecuety's Jewellery Boutique.
 26790 | Orc:2    | Found Anuitehe's Antique Armour Shop.
 26790 | Orc:2    | Found Acruewk's Antique Weapon Shop.
 26795 | Orc:2    | Bought an encrusted chain mail for 332 gold pieces
 26795 | Orc:2    | Identified the +5 chain mail "Zofeocyu" {rC+++} (You bought
                  | it in a shop on level 2 of the Orcish Mines)
 26810 | Orc:2    | Bought a potion of heal wounds for 60 gold pieces
 26838 | Orc:2    | Bought the ring of Surprise {Fly rC- Dex+6} for 421 gold
                  | pieces
 26966 | D:7      | Bought a scarf of resistance for 416 gold pieces
 27238 | Orc:2    | Bought a scroll of blinking for 90 gold pieces
 27571 | D:12     | Found Wocraufy's Distillery.
 27933 | D:12     | Reached skill level 14 in Shields
 27947 | D:12     | Noticed Gastronok
 27956 | D:12     | Killed Gastronok
 27978 | D:12     | Learned a level 5 spell: Silence
 28153 | D:12     | Found Deczanyo's Assorted Antiques.
 28181 | D:12     | Bought a pitted pewter ring for 150 gold pieces
 28181 | D:12     | Identified the ring of the Echidna {AC+4 Dex+7} (You bought
                  | it in a shop on level 12 of the Dungeon)
 28181 | D:12     | Bought a scroll of teleportation for 90 gold pieces
 28311 | D:12     | Found Bostedgh's Distillery.
 28385 | D:12     | Found Beheav's Antique Weapon Boutique.
 28966 | D:13     | Noticed Erolcha
 28977 | D:13     | Killed Erolcha
 29236 | D:13     | Found a gate to the Vaults.
 29246 | D:13     | Reached skill level 10 in Earth Magic
 30097 | D:15     | Entered Level 15 of the Dungeon
 30210 | D:15     | Reached XP level 17. HP: 124/133 MP: 33/33
 30738 | D:15     | Found a staircase to the Depths.
 30758 | D:15     | Reached skill level 10 in Conjurations
 30758 | D:15     | Reached skill level 10 in Hexes
 30758 | D:15     | Reached skill level 10 in Summonings
 30758 | D:15     | Reached skill level 10 in Necromancy
 30758 | D:15     | Reached skill level 10 in Translocations
 30758 | D:15     | Reached skill level 10 in Transmutations
 30758 | D:15     | Reached skill level 10 in Fire Magic
 30758 | D:15     | Reached skill level 10 in Ice Magic
 30758 | D:15     | Reached skill level 10 in Air Magic
 30758 | D:15     | Reached skill level 10 in Poison Magic
 30788 | D:15     | Found Qaisiqao's Book Shoppe.
 31263 | Snake:1  | Entered Level 1 of the Snake Pit
 31564 | Snake:1  | Found Boibas's Distillery.
 32097 | Snake:1  | Found Indra's Dragon-Slaying Spoils.
 32935 | Snake:2  | Found Evvicut's Jewellery Shop.
 33644 | Snake:1  | Bought quicksilver dragon scales for 720 gold pieces
 33730 | Snake:3  | Found a runed translucent gate.
 33732 | Snake:3  | Found a runed translucent gate.
 33732 | Snake:3  | Found a runed translucent gate.
 34209 | Snake:3  | Identified the +1 chain mail of the Swamp {rF+}
 34331 | Snake:3  | Reached XP level 18. HP: 140/142 MP: 34/34
 35017 | Snake:4  | Entered Level 4 of the Snake Pit
 35233 | Snake:4  | Reached skill level 15 in Shields
 35268 | Snake:4  | HP: 6/142 [poisoned by a nagaraja (poison arrow)]
 35285 | Snake:4  | HP: 3/143 [naga/+1 trident of venom (12)]
 35768 | Snake:4  | HP: 6/143 [naga ritualist/Olgreb's Toxic Radiance (2)]
 35769 | Snake:4  | HP: 2/143 [poisoned by a naga ritualist (toxic radiance)]
 35908 | Snake:4  | HP: 4/143 [poisoned by a nagaraja (bolt of poison)]
 35909 | Snake:4  | Succumbed to a nagaraja's bolt of poison

Illustrated notes

Levels and vault maps discovered:
D:1:      pf_arrival_petrified_forest, layout_loops_ring,
          dilly_ecumenical_altar_fadedgnrine, serial_shops, shop
D:2:      layout_basic, minmay_goblin_kobold_house
D:3:      layout_loops_corners, serial_shops, nicolae_shop_window_shopping,
          gup_sewer_entry_glass, chequers_serial_rivers_micro_c, uniq_robin
D:4:      layout_rooms, mainiacjoe_overflow_catch_the_wave, uniq_blork_the_orc,
          uniq_natasha, uniq_edmund, uniq_crazy_yiuf_cottage, uniq_duvessa
D:5:      layout_loops_ring, minmay_temple_entry_statues_fountains
D:6:      layout_loops_ring, overflow_temple_1_default, serial_shops,
          nicolae_lakefront_shop, nicolae_shop_statue_plus, shop,
          minmay_ruffians, uniq_maggie, uniq_prince_ribbit1, uniq_grinder,
          uniq_pikel
D:7:      layout_gridville, serial_shops, shop,
          nicolae_shop_sticking_my_neck_out
D:8:      layout_basic, kennysheep_mini_moat, enter_bailey_3,
          corexii_checkpoint_a, roderic_roman_lattice, uniq_psyche
D:9:      layout_basic, nzn_makhleb_speed_demon, lemuel_tele_altar, minitemple,
          grunt_ministairs_9, st_stairs_8
D:10:     layout_loops_ring, hiddenorc1_lemuel, minmay_chambers_of_fives
D:11:     wad_woods_structure_01, layout_long_grid, lair_entry_dummy, uniq_grum,
          uniq_erica
D:12:     minmay_outward_triangles, layout_rooms, serial_shops,
          nicolae_shop_behind_doors, shop_statue,
          nicolae_shop_competitors_out_of_business, shop, uniq_gastronok
D:13:     layout_roguey, david_vaults_1, bh_circular_ruins, uniq_erolcha
D:14:     layout_irregular_city, chequers_decorated_corner, hangedman_ranch
D:15:     gammafunk_depths_entry_grave, layout_long_grid, serial_shops, shop,
          hangedman_abyss_or_decor_clamps
Lair:1:   layout_gridlike, basic_altar, grunt_megastairs_3
Lair:2:   layout_big_grid, guppyfry_snake_entry_island, serial_bayou_lagoon_b
Lair:3:   layout_gridlike, minmay_swamp_entry_worms, uniq_nergalle
Lair:4:   layout_regular_city, gauntlet_entry_generic, grunt_megastairs_2
Lair:5:   nzn_winding_woodlands_stair_cross
          [nzn_winding_woodlands_5x15_lazy_stream,
          nzn_winding_woodlands_center_triple_pond,
          nzn_winding_woodlands_5x15_sidewinder,
          nzn_winding_woodlands_5x5_open_star,
          nzn_winding_woodlands_5x5_closed_star,
          nzn_winding_woodlands_5x15_pathside_ponds,
          nzn_winding_woodlands_center_garden, nzn_winding_woodlands_5x15_eye],
          layout_regular_city, gammafunk_ghost_ooze, st_stairs_3,
          nicolae_quartered_pool_medium, worms_lemuel
Lair:6:   hellmonk_lair_end_abyssal_woods, layout_concentric_octagons,
          minmay_slime_entry_oklob_open
Snake:1:  layout_onion_interference, nicolae_shop_dragon_depot,
          statue_in_the_mist_lemuel, minmay_shop_star
Snake:2:  layout_concentric_octagons, serial_shops, shop, serial_bayou_shore_a
Snake:3:  layout_cave_pods, nicolae_snake_gridmaze_zigzag,
          nicolae_snake_horde_hoard
Snake:4:  minmay_snake_end_coiled, layout_concentric_octagons, uniq_mlioglotl
Orc:1:    layout_diamond_mine, serial_shops, basic_altar,
          nicolae_shop_vocational
Orc:2:    st_orc_congregation, layout_caves, enter_volcano_2,
          nicolae_specific_store, sword_in_stone

Skill      XL: |  1  2  3  4  5  6  7  8  9 10 11 12 13 14 15 16 17 18 |
---------------+-------------------------------------------------------+-----
Earth Magic    | 2 3 4 5 6 7 8 9 10 11 | 11.1
Invocations    | 1 2 3 4 5 6 8 9 10 11 12 13 | 13.9
Short Blades   | 1 2 3 4 5 6 7 9 10 11 12 | 12.8
Long Blades    | 1 2 3 4 5 6 7 9 10 11 12 | 12.8
Axes           | 1 2 3 4 5 6 7 9 10 11 12 | 12.8
Maces & Flails | 1 2 3 4 5 6 7 9 10 11 12 | 12.8
Polearms       | 1 2 3 4 5 6 7 9 10 11 12 | 12.8
Staves         | 1 2 3 4 5 6 7 9 10 11 12 | 12.8
Ranged Weapons | 1 2 3 4 5 6 7 9 10 11 12 | 12.8
Throwing       | 1 2 3 4 5 6 7 9 10 11 12 | 12.8
Dodging        | 1 2 3 4 5 6 7 9 10 11 12 | 12.8
Stealth        | 1 2 3 4 5 6 7 9 10 11 12 | 12.8
Unarmed Combat | 1 2 3 4 5 6 7 9 10 11 12 | 12.8
Evocations     | 1 2 3 4 5 6 7 9 10 11 12 | 12.8
Spellcasting   | 3 4 5 6 8 9 10 11 12 13 | 13.1
Conjurations   | 1 2 3 4 5 6 7 8 9 10 | 10.9
Hexes          | 1 2 3 4 5 6 7 8 9 10 | 10.9
Summonings     | 1 2 3 4 5 6 7 8 9 10 | 10.9
Necromancy     | 1 2 3 4 5 6 7 8 9 10 | 10.9
Translocations | 1 2 3 4 5 6 7 8 9 10 | 10.9
Transmutations | 1 2 3 4 5 6 7 8 9 10 | 10.9
Fire Magic     | 1 2 3 4 5 6 7 8 9 10 | 10.9
Ice Magic      | 1 2 3 4 5 6 7 8 9 10 | 10.9
Air Magic      | 1 2 3 4 5 6 7 8 9 10 | 10.9
Poison Magic   | 1 2 3 4 5 6 7 8 9 10 | 10.9
Fighting       | 3 4 5 6 7 8 9 10 11 12 13 | 13.1
Armour         | 7 8 9 10 11 12 13 14 | 14.3
Shields        | 9 10 11 12 13 14 15 | 15.2

Action                   |  1- 3 |  4- 6 |  7- 9 | 10-12 | 13-15 | 16-18 || total
-------------------------+-------+-------+-------+-------+-------+-------++-------
Melee: Dagger            |    83 |   206 |     6 |       |       |       ||   295
       Bite              |     9 |    12 |    32 |    84 |   151 |   110 ||   398
       Falchion          |       |       |   224 |   582 |   430 |       ||  1236
       Unarmed           |       |       |     4 |    13 |       |       ||    17
       War axe           |       |       |       |       |   303 |    11 ||   314
       Trident           |       |       |       |       |    54 |       ||    54
       Scimitar          |       |       |       |       |    51 |       ||    51
       Demon blade       |       |       |       |       |       |   712 ||   712
       Hand crossbow     |       |       |       |       |       |     4 ||     4
 Fire: Hand crossbow     |       |       |       |       |       |   235 ||   235
 Cast: Silence           |       |       |       |       |       |     2 ||     2
Invok: Recall Undead Har |       |       |       |     2 |     2 |     1 ||     5
       Dark Bargain      |       |       |       |       |     3 |     5 ||     8
       Drain Life        |       |       |       |       |     1 |     1 ||     2
Evoke: Wand              |       |       |       |     6 |     2 |     3 ||    11
       Phantom mirror    |       |       |       |     1 |     1 |       ||     2
       Condenser vane    |       |       |       |       |       |     1 ||     1
  Use: Scroll            |       |     8 |     5 |     8 |     8 |    17 ||    46
       Potion            |       |       |       |     6 |     5 |     8 ||    19
 Stab: Sleeping          |       |     1 |     1 |    14 |    10 |    19 ||    45
       Distracted        |       |       |     2 |     9 |    25 |    16 ||    52
       Fleeing           |       |       |       |       |       |     2 ||     2
Armor: Ring mail         |    40 |    64 |   100 |    74 |   171 |   159 ||   608
       Skin              |       |       |     1 |     1 |       |       ||     2
       Steam dragon scal |       |       |     4 |   252 |       |       ||   256
       Fire dragon scale |       |       |       |       |   130 |    78 ||   208
       Quicksilver drago |       |       |       |       |       |    82 ||    82
Dodge: Dodged            |    35 |   101 |    99 |   603 |   472 |   656 ||  1966
       Repelled          |       |     1 |     3 |     2 |     9 |       ||    15
Block: Buckler           |    37 |    47 |    71 |   331 |   344 |   466 ||  1296

Table legend: (Time is in decaauts)
 A = Elapsed time spent in this place.
 B = Non-inter-level travel time spent in this place.
 C = Inter-level travel time spent in this place.
 D = Time resting spent in this place.
 E = Time spent auto-exploring this place.
 F = Levels seen in this place.
 G = Mean time per level.
                   A        B        C        D        E       F      G
               +--------+--------+--------+--------+--------+-----+--------+
         Total |  36411 |  33506 |   2905 |   4461 |  20521 |  31 | 1174.5 |
       Dungeon |  20211 |  18509 |   1702 |   3377 |  11032 |  15 | 1347.4 |
          Lair |   7296 |   6859 |    437 |      0 |   5462 |   6 | 1216.0 |
     Snake Pit |   4838 |   4348 |    490 |    382 |   2986 |   4 | 1209.5 |
  Orcish Mines |   1729 |   1455 |    274 |      0 |    854 |   2 |  864.5 |
         Sewer |    265 |    265 |      0 |      0 |     37 |   1 |  265.0 |
        Bailey |    645 |    645 |      0 |    143 |    107 |   1 |  645.0 |
       Volcano |    645 |    645 |      0 |    202 |     43 |   1 |  645.0 |
      Gauntlet |    780 |    780 |      0 |    357 |      0 |   1 |  780.0 |
               +--------+--------+--------+--------+--------+-----+--------+

Top non-repeatable levels by time:
    D:11: 3156 daAuts
     D:9: 1927 daAuts
  Lair:5: 1595 daAuts
  Lair:6: 1562 daAuts
 Snake:1: 1518 daAuts
     D:4: 1474 daAuts
 Snake:3: 1348 daAuts
    D:10: 1334 daAuts
     D:8: 1334 daAuts
   Orc:2: 1317 daAuts
     D:1: 1293 daAuts
     D:5: 1287 daAuts
     D:3: 1225 daAuts
    D:12: 1182 daAuts
    D:15: 1168 daAuts
